 Dungeon Crawl Stone Soup version 0.23.2-1-ga50397a (webtiles) character file.

Game seed: 11767006330077570935

86805 Inxious the Protected (level 15, 0/114 HPs)
             Began as a Demonspawn Abyssal Knight on Apr 30, 2019.
             Was a Priest of Lugonu.
             Succumbed to a +2 trident of venom's poison
             ... on level 3 of the Elven Halls.
             The game lasted 01:24:19 (23864 turns).

Inxious the Protected (Demonspawn Abyssal Knight)  Turns: 23864, Time: 01:24:20

Health: 0/114      AC: 26    Str: 32    XL:     15   Next: 41%
Magic:  3/21       EV:  7    Int: 11    God:    Lugonu [***...]
Gold:   1331       SH: 20    Dex: 15    Spells: 14/14 levels left

rFire    + + .     SeeInvis +   b - +7 eveningstar (distort)
rCold    . . .     Gourm    .   s - +0 large shield
rNeg     . . .     Faith    .   F - +5 plate armour {rF+}
rPois    .         Spirit   +   (helmet restricted)
rElec    .         Reflect  .   k - +2 cloak {MR+}
rCorr    .         Harm     .   (no gloves)
MR       ++...                  (no boots)
Stlth    ..........             g - amulet of guardian spirit
HPRegen  0.29/turn              f - ring of Henystrai {+Blink rF+ Str+9 Int-4 SInv}
MPRegen  0.17/turn              O - +6 ring of strength

@: lethally poisoned (0 -> -5), very slightly contaminated, drained
A: horns 2, talons 1, thin metallic scales 2, agile 1, demonic guardian 3,
powered by pain 2, subdued magic 2
a: Depart the Abyss, Bend Space, Banish, Renounce Religion, Evoke Blink


You were on level 3 of the Elven Halls.
You worshipped Lugonu.
Lugonu was most pleased with you.
You were full.

You visited 3 branches of the dungeon, and saw 20 of its levels.
You visited the Abyss 2 times.

You collected 2750 gold pieces.
You spent 1419 gold pieces at shops.

Inventory:

Hand Weapons
 b - a +7 eveningstar of distortion (weapon)
 u - the +3 morningstar of a Billion Beds {crush, rN+ Dex+3}
   (You bought it in a shop on level 2 of the Orcish Mines)

   It inflicts extra damage upon your enemies.
   It affects your dexterity (+3).
   It protects you from negative energy.
 E - the +0 flail "Geutuog Lood" {crush, MR++ Int-5}
   (You found it on level 6 of the Dungeon)

   It inflicts extra damage upon your enemies.
   It affects your intelligence (-5).
   It affects your resistance to hostile enchantments.
 H - a +2 dire flail of crushing
 S - the +4 flail "Qaeschoith" {crush, rC+ Int-5 Stlth+}
   (You bought it in a shop on level 2 of the Orcish Mines)

   It inflicts extra damage upon your enemies.
   It affects your intelligence (-5).
   It protects you from cold.
   It makes you more stealthy.
Armour
 a - the +2 plate armour "Giojumim" {rCorr Str+9 Int-5}
   (You took it off an orc on level 1 of the Elven Halls)

   It affects your strength (+9).
   It affects your intelligence (-5).
   It provides partial protection from all sources of acid and corrosion.
 k - a +2 cloak of magic resistance (worn)
 s - a +0 large shield (worn)
 F - a +5 plate armour of fire resistance (worn)
Jewellery
 f - the ring of Henystrai (left hand) {+Blink rF+ Str+9 Int-4 SInv}
   (You found it on level 10 of the Dungeon)

   [ring of see invisible]

   It affects your strength (+9).
   It affects your intelligence (-4).
   It protects you from fire.
   It lets you see invisible.
   It lets you blink.
 g - an amulet of guardian spirit (around neck)
 v - an uncursed ring of flight
 G - an uncursed ring of positive energy
 M - an uncursed ring of see invisible
 O - a +6 ring of strength (right hand)
 P - an uncursed ring of poison resistance
 R - the ring "Guvit" {*Tele MR+}
   (You found it on level 10 of the Dungeon)

   [ring of teleportation]

   It may teleport you next to monsters.
   It affects your resistance to hostile enchantments.
 V - an uncursed ring of ice
Wands
 t - a wand of disintegration (20)
 y - a wand of flame (85)
 D - a wand of iceblast (1)
 I - a wand of paralysis (12)
 K - a wand of polymorph (12)
 L - a wand of acid (1)
 U - a wand of random effects (23)
 W - a wand of clouds (5)
Scrolls
 d - 4 scrolls of amnesia
 e - 2 scrolls of holy word
 h - a scroll of fog
 p - a scroll of blinking
 A - 3 scrolls of magic mapping
 C - 7 scrolls of remove curse
Potions
 i - a potion of cancellation
 n - 5 potions of brilliance
 J - 4 potions of flight
Comestibles
 c - 19 rations


   Skills:
 + Level 9.4(8.1) Fighting
   Level 5.9(8.7) Axes
 + Level 12.4(11.4) Maces & Flails
 * Level 12.5(11.1) Armour
 + Level 4.1(3.0) Dodging
 + Level 3.7(2.6) Stealth
 + Level 12.3(10.9) Shields
 + Level 5.7(4.5) Invocations
 * Level 8.5(7.3) Evocations


You had 14 spell levels left.
You didn't know any spells.
Your spell library contained the following spells:

 Spells                   Type           Power        Failure   Level  Hunger
 Leda's Liquefaction      Hex/Erth       #.........   100%        4    #####..
 Bolt of Magma            Conj/Fire/Erth #.........   100%        5    ######.
 Iron Shot                Conj/Erth      #.........   100%        6    #######
 Statue Form              Tmut/Erth      #........    100%        6    #######
 Shatter                  Erth           #.........   100%        9    #######


Dungeon Overview and Level Annotations

Branches:
Dungeon (15/15)            Temple (0/1) D:5            Lair (0/6) D:10
    Orc (2/2) D:11            Elf (3/3) Orc:2        Vaults (0/5) D:13
 Depths (0/5) D:15

Altars:
Cheibriados
Dithmenos
Fedhas
Kikubaaqudgha
Makhleb
Nemelex Xobeh
Ru
Trog
Vehumet
Wu Jian
Xom
Yredelemnul
The Shining One
Beogh

Shops:
D:6 *   D:7 %   D:8 :   Orc:2 *(%(:   Elf:1 *

Portals:
Trove: D:15 (give +6 demon trident)

Annotations:
D:11 corrupted
Orc:2 corrupted
Elf:1 corrupted
Elf:2 corrupted
Elf:3 corrupted


Innate Abilities, Weirdness & Mutations

You have a pair of horns on your head.
You are mostly covered in thin metallic scales. (AC +3)
A powerful demonic guardian rushes to your aid.
You sometimes gain power by taking damage.
You have sharp toenails.
You are agile. (Dex +2)
Your spells are easier to cast, but less powerful.


Message History

Okay, then.
Okay, then.
Blink to where?
Press: ? - help, Dir - move target cursor You are very lightly contaminated with residual magic.
As you read the scroll of blinking, it crumbles to dust.
* * * LOW HITPOINT WARNING * * *
You feel sick.
Something closely misses your cacodemon.
The deep elf sorcerer hits your cacodemon but does no damage.
Your cacodemon hits the deep elf sorcerer! x2
* * * LOW HITPOINT WARNING * * *
You feel sick.
As you read the scroll of enchant weapon, it crumbles to dust.
Your +6 eveningstar of distortion glows red for a moment.
* * * LOW HITPOINT WARNING * * *
You feel sick.
You hear the wailing of the damned!
You open the door.
You die...

......## #.#
##..... .......##
#.# #....##
.)......# ##.#
###?3## .......##
##$[## #.(#
....(.## #$=.:
#.e# #....## #$)X
#§4# ##..## #$[
#§4# ##'# #'#
#.3## #.# ####
#@###. ...##§ee..
###.######..#
#.##..##..##e#.e..
............#
#.#.....3Z#eeeeeee
####........#
#......Xe..e#e2.he
#######.##
##......3ee#eee.x.
#.#
#..........G##.#E
#.####
#.....(.....E###
#....# #....2.(.E#
###### ##...§e...#


You could see a neutral thrashing horror.

Vanquished Creatures
  A lich (Abyss:1)
  A deep elf elementalist (Abyss:1)
  A deep elf demonologist (Elf:3)
  An ettin (D:10)
  Erolcha (Orc:1)
  2 hydras
  2 ice dragons (D:15)
  A vault guard (D:13)
  2 two-headed ogres
  A tengu warrior (D:15)
  18 dancing weapons
  A thrashing horror (Abyss:1)
  8 deep elf knights
  An unseen horror (D:15)
  A wizard (D:15)
  2 deep elf archers
  An orc knight (Orc:2)
  3 ugly things
  4 orc sorcerers
  17 deep elf magi
  2 cyclopes (D:15)
  A gargoyle (D:15)
  2 efreet
  A yaktaur (D:13)
  A rime drake (shapeshifter) (D:15)
  3 kobold demonologists
  7 trolls
  2 ice devils (D:13)
  A tengu conjurer (D:15)
  A merfolk (D:10)
  A hornet (D:12)
  A raiju (shapeshifter) (Elf:2)
  2 hippogriffs
  7 slime creatures
  2 wraiths
  10 yaks
  A water elemental (Elf:3)
  2 air elementals
  2 ynoxinuls (Abyss:1)
  A wyvern (D:13)
  2 hogs (D:15)
  16 humans (D:13)
  A hungry ghost (D:10)
  2 basilisks (D:15)
  A steam dragon (D:14)
  2 fire elementals
  A chaos spawn (Abyss:1)
  2 vampire mosquitoes (D:15)
  A neqoxec (Abyss:1)
  A warg (Orc:2)
  A soldier ant (shapeshifter) (Elf:3)
  A soldier ant (D:12)
  4 ice beasts
  19 orc warriors
  4 sky beasts
  2 necrophages
  2 phantoms (D:14)
  2 black bears
  9 ogres
  An eye of draining (D:10)
  A tengu (shapeshifter) (Elf:2)
  5 centaurs
  A crocodile (D:14)
  2 big kobolds
  13 bullfrogs
  2 earth elementals
  2 small abominations (Abyss:1)
  2 gnoll sergeants
  4 scorpions
  8 killer bees
  2 howler monkeys
  The ghost of nxtlvl the Slasher, a weakling DEMo of Kikubaaqudgha (D:6)
  5 crimson imps
  2 bullfrog zombies
  4 hounds
  18 orc priests
  6 centaur skeletons
  A gnoll shaman (D:7)
  2 jellies
  11 orc wizards
  2 bullfrog skeletons
  2 iguanas
  8 worker ants
  2 hound zombies
  2 hound skeletons
  A howler monkey zombie (D:10)
  15 gnolls
  10 adders
  7 shadow imps
  2 oozes
  An adder zombie (D:7)
  3 adder skeletons
  2 dart slugs
  6 leopard geckos
  80 orcs
  3 giant cockroaches
  13 goblins
  6 hobgoblins
  5 jackals
  6 quokkas
  2 ball pythons
  8 bats
  6 frilled lizards
  A jackal zombie (D:7)
  21 kobolds
  A leopard gecko skeleton (D:6)
  A quokka skeleton (D:6)
  7 rats
508 creatures vanquished.

Vanquished Creatures (collateral kills)
  A deep elf blademaster (Elf:2)
  Kirke (D:15)
  Donald (Elf:2)
  A storm dragon (Elf:1)
  A fire giant (D:10)
  An orc warlord (Orc:2)
  A deep elf sorcerer (Elf:2)
  Aizul (Elf:1)
  2 stone giants (Orc:2)
  A hydra (D:14)
  An ice dragon (Elf:1)
  2 vault guards (D:13)
  A centaur warrior (D:13)
  7 dancing weapons
  A two-headed ogre (Orc:2)
  A tengu warrior (D:14)
  5 orc high priests (Orc:2)
  3 deep elf knights
  Sonja (D:10)
  A deep elf archer (Elf:2)
  A swamp dragon (D:10)
  Pikel (D:5)
  4 orc knights (Orc:2)
  A necromancer (D:13)
  9 deep elf magi
  2 orc sorcerers
  4 ugly things
  A cyclops (D:10)
  A guardian serpent (shapeshifter) (D:15)
  3 meliai (D:14)
  3 trolls
  A hornet (D:4)
  Sigmund (D:3)
  2 air elementals
  A hog (D:15)
  A fire elemental (Elf:1)
  3 humans
  6 yaks (D:9)
  2 vampire mosquitoes (D:15)
  3 wargs
  19 orc warriors
  2 ice beasts
  2 black bears (D:6)
  A slave (D:5)
  2 ogres
  A necrophage (D:6)
  2 centaurs
  2 big kobolds (D:11)
  3 bullfrogs
  A gnoll sergeant (D:11)
  A scorpion (D:4)
  A killer bee (D:7)
  A jelly (D:15)
  10 orc priests
  A worker ant (D:10)
  Ijyb (D:4)
  18 orcs
  A hobgoblin (D:3)
  A rat (D:3)
  A starspawn tentacle (Abyss:1)
155 creatures vanquished.

Vanquished Creatures (others)
  Frances (Elf:1)
  A shadow dragon (Elf:1)
  A deep elf sorcerer (Elf:3)
  2 deep elf elementalists
  3 deep elf demonologists
  A deep elf high priest (Elf:1)
  A rakshasa (Abyss:1)
  7 dancing weapons
  A thrashing horror (Abyss:1)
  An orc high priest (Orc:2)
  6 deep elf knights
  A deep elf archer (Elf:1)
  2 deep elf magi
  An ugly thing (D:11)
  A troll (D:11)
  A tyrant leech (Elf:1)
  A water elemental (Elf:3)
  A human (D:15)
  A spatial vortex (Elf:1)
  5 orc warriors
  A big kobold (D:11)
  A gnoll sergeant (D:11)
  A scorpion (D:5)
  A crimson imp (D:5)
  3 orc priests
  2 orc wizards
  7 gnolls (D:11)
  4 orcs
  An orc (shapeshifter) (Elf:1)
  2 lurking horrors (Abyss:1)
  16 starspawn tentacles
78 creatures vanquished.

Grand Total: 741 creatures vanquished

Notes
Turn   | Place    | Note
-------+----------+-------------------------------------------
     0 | Abyss:1  | Inxious the Demonspawn Abyssal Knight began the quest for
                  | the Orb.
     0 | Abyss:1  | Reached XP level 1. HP: 18/18 MP: 2/2
    80 | Abyss:1  | Noticed a blink frog
    80 | Abyss:1  | Noticed a raiju
    81 | D:1      | Escaped the Abyss
   196 | D:1      | Reached * piety under Lugonu
   239 | D:1      | Reached skill level 1 in Dodging
   239 | D:1      | Gained mutation: You sometimes gain a little power by
                  | taking damage. [demonic ancestry]
   239 | D:1      | Reached XP level 2. HP: 16/24 MP: 3/3
   729 | D:1      | Gained mutation: A weak demonic guardian rushes to your
                  | aid. [demonic ancestry]
   729 | D:1      | Reached XP level 3. HP: 27/29 MP: 4/4
  1434 | D:2      | Noticed a bullfrog
  1448 | D:2      | Killed a bullfrog
  1448 | D:2      | Reached XP level 4. HP: 18/37 MP: 5/5
  1780 | D:2      | Reached ** piety under Lugonu
  1882 | D:2      | Found a sparkling altar of Nemelex Xobeh.
  1894 | D:2      | Found an ornate altar of the Wu Jian Council.
  1918 | D:2      | Found a basalt altar of Yredelemnul.
  1930 | D:2      | Found a glowing golden altar of the Shining One.
  2204 | D:3      | Found a sacrificial altar of Ru.
  2229 | D:3      | Gained mutation: You sometimes gain power by taking damage.
                  | [demonic ancestry]
  2229 | D:3      | Reached XP level 5. HP: 40/42 MP: 6/6
  2910 | D:3      | Noticed Sigmund
  2946 | D:3      | Killed Sigmund
  3122 | D:4      | Found a shadowy altar of Dithmenos.
  3220 | D:4      | Gained mutation: A demonic guardian rushes to your aid.
                  | [demonic ancestry]
  3220 | D:4      | Reached XP level 6. HP: 30/48 MP: 7/7
  3796 | D:4      | Reached skill level 1 in Stealth
  4393 | D:4      | Noticed a hornet
  4397 | D:4      | Killed a hornet
  4397 | D:4      | Reached skill level 1 in Shields
  4404 | D:4      | Noticed Ijyb
  4411 | D:4      | Killed Ijyb
  4591 | D:4      | Reached XP level 7. HP: 52/54 MP: 9/9
  4872 | D:5      | Entered Level 5 of the Dungeon
  4878 | D:5      | Noticed Pikel
  4884 | D:5      | Killed Pikel
  4884 | D:5      | Reached *** piety under Lugonu
  4892 | D:5      | Found a staircase to the Ecumenical Temple.
  5176 | D:5      | Found a burning altar of Makhleb.
  5398 | D:6      | Found a radiant altar of Vehumet.
  5455 | D:6      | Found a runed translucent gate.
  5455 | D:6      | Noticed nxtlvl's ghost (weakling DEMo)
  5456 | D:6      | Found a runed translucent gate.
  5456 | D:6      | Found a runed translucent gate.
  5515 | D:6      | Killed nxtlvl's ghost
  5525 | D:6      | Reached skill level 5 in Axes
  5525 | D:6      | Gained mutation: You are partially covered in thin metallic
                  | scales. (AC +2) [demonic ancestry]
  5525 | D:6      | Reached XP level 8. HP: 51/61 MP: 10/10
  5628 | D:6      | Found Lumisouf's Assorted Antiques.
  5634 | D:6      | Bought a shiny agate ring for 130 gold pieces
  5634 | D:6      | Bought a warped helmet for 247 gold pieces
  5634 | D:6      | Identified the +0 helmet "Ereth" {rF+ Int-5 Slay+2} (You
                  | bought it in a shop on level 6 of the Dungeon)
  5678 | D:6      | Found a bloodstained altar of Trog.
  5852 | D:6      | Found a burning altar of Makhleb.
  5852 | D:6      | Found a shimmering altar of Xom.
  5918 | D:6      | Reached skill level 5 in Armour
  5926 | D:6      | Gained mutation: You have sharp toenails. [potion of
                  | mutation]
  5926 | D:6      | Gained mutation: Your spells are a little easier to cast,
                  | but a little less powerful. [potion of mutation]
  5926 | D:6      | Gained mutation: Your spells are easier to cast, but less
                  | powerful. [potion of mutation]
  5926 | D:6      | Gained mutation: You are agile. (Dex +2) [potion of
                  | mutation]
  6198 | D:6      | Got a dazzling flail
  6199 | D:6      | Identified the +0 flail "Geutuog Lood" {crush, MR++ Int-5}
                  | (You found it on level 6 of the Dungeon)
  6345 | D:6      | Reached skill level 5 in Fighting
  6723 | D:7      | Found a snail-covered altar of Cheibriados.
  6796 | D:7      | Reached skill level 1 in Maces & Flails
  7182 | D:7      | Reached XP level 9. HP: 68/68 MP: 11/11
  7324 | D:7      | Reached **** piety under Lugonu
  7489 | D:7      | HP: 2/68 [quokka (3)]
  7798 | D:7      | Found the +6 shillelagh "Devastator" {shatter}
  7887 | D:7      | Found Ucinov's Food Shop.
  8312 | D:8      | Found Ateatapu's Book Shoppe.
  8398 | D:8      | Reached skill level 5 in Shields
  8462 | D:8      | Identified a scroll of acquirement
  8994 | D:9      | Reached skill level 5 in Maces & Flails
  8994 | D:9      | Reached XP level 10. HP: 72/76 MP: 12/12
  9557 | D:9      | Found an ancient bone altar of Kikubaaqudgha.
  9945 | D:10     | Entered Level 10 of the Dungeon
  9965 | D:10     | Noticed a cyclops
  9978 | D:10     | Killed a cyclops
 10020 | D:10     | Found a staircase to the Lair.
 10087 | D:10     | Noticed a swamp dragon
 10100 | D:10     | Killed a swamp dragon
 10323 | D:10     | Reached ***** piety under Lugonu
 10518 | D:10     | Noticed a fire giant
 10519 | D:10     | Noticed an ettin
 10553 | D:10     | Killed a fire giant
 10563 | D:10     | Killed an ettin
 10563 | D:10     | Gained mutation: You have a pair of small horns on your
                  | head. [demonic ancestry]
 10563 | D:10     | Reached XP level 11. HP: 64/83 MP: 13/13
 10603 | D:10     | Got a faintly glowing platinum ring
 10608 | D:10     | Got a scorched tin ring
 10714 | D:10     | Identified the ring "Guvit" {*Tele MR+} (You found it on
                  | level 10 of the Dungeon)
 10814 | D:10     | Identified the ring of Henystrai {+Blink rF+ Str+9 Int-4
                  | SInv} (You found it on level 10 of the Dungeon)
 11023 | D:10     | Noticed Sonja
 11040 | D:10     | Killed Sonja
 11454 | D:11     | Found a staircase to the Orcish Mines.
 11468 | D:11     | Corrupted D:11
 11468 | D:11     | Noticed a tentacled starspawn
 11468 | D:11     | Noticed a lich
 11473 | D:11     | Noticed a sixfirhy
 11480 | D:11     | Noticed a red ugly thing
 11484 | D:11     | Killed a red ugly thing
 11505 | D:11     | Noticed a large abomination
 11694 | D:11     | Noticed a cyan ugly thing
 11700 | D:11     | Killed a cyan ugly thing
 12786 | D:12     | Noticed an eight-headed hydra
 12794 | D:12     | Killed an eight-headed hydra
 13312 | D:13     | Noticed a centaur warrior
 13316 | D:13     | Killed a centaur warrior
 13429 | D:13     | Noticed a red ugly thing
 13429 | D:13     | Noticed a purple ugly thing
 13444 | D:13     | Killed a purple ugly thing
 13444 | D:13     | Gained mutation: A powerful demonic guardian rushes to your
                  | aid. [demonic ancestry]
 13444 | D:13     | Reached XP level 12. HP: 91/91 MP: 14/14
 13452 | D:13     | Reached skill level 1 in Evocations
 13488 | D:13     | Noticed a vault guard
 13489 | D:13     | Noticed a vault guard
 13514 | D:13     | Killed a vault guard
 13516 | D:13     | Killed a vault guard
 13672 | D:13     | Noticed a vault guard
 13675 | D:13     | Found a gate to the Vaults.
 13679 | D:13     | Killed a vault guard
 14164 | D:13     | Noticed a two-headed ogre
 14169 | D:13     | Killed a two-headed ogre
 14243 | D:14     | Noticed a four-headed hydra
 14248 | D:14     | Killed a four-headed hydra
 14338 | D:14     | Found a burning altar of Makhleb.
 14503 | D:14     | Reached skill level 10 in Armour
 14597 | D:14     | Noticed a tengu warrior
 14601 | D:14     | Killed a tengu warrior
 14601 | D:14     | Reached skill level 10 in Maces & Flails
 14735 | D:14     | Got a translucent pewter ring
 14736 | D:14     | Identified the ring of the Briny Deep {*Tele Int+6} (You
                  | found it on level 14 of the Dungeon)
 14850 | D:15     | Entered Level 15 of the Dungeon
 14962 | D:15     | Reached XP level 13. HP: 92/98 MP: 13/16
 14988 | D:15     | Noticed Kirke
 14989 | D:15     | Noticed a sphinx
 15015 | D:15     | Killed Kirke
 15116 | D:15     | Reached skill level 10 in Shields
 15121 | D:15     | Found a blossoming altar of Fedhas.
 15496 | D:15     | Reached ****** piety under Lugonu
 15551 | D:15     | Reached skill level 5 in Evocations
 15632 | D:15     | Found a staircase to the Depths.
 16060 | D:15     | Found a portal to a secret trove of treasure.
 16254 | Orc:1    | Entered Level 1 of the Orcish Mines
 16474 | Orc:1    | Noticed Erolcha
 16485 | Orc:1    | Killed Erolcha
 16658 | Orc:1    | You fall through a shaft!
 16658 | Orc:2    | Entered Level 2 of the Orcish Mines
 16697 | Orc:2    | Noticed a stone giant
 16708 | Orc:2    | Killed a stone giant
 16709 | Orc:2    | Noticed a stone giant
 16720 | Orc:2    | Killed a stone giant
 16858 | Orc:2    | Found Lusotz's Magic Scroll Emporium.
 16859 | Orc:2    | Found Qyuzunt's Book Boutique.
 16934 | Orc:2    | Found a staircase to the Elven Halls.
 17111 | Orc:2    | Found a runed translucent door.
 17151 | Orc:2    | Noticed an orc warlord
 17171 | Orc:2    | Killed an orc warlord
 17484 | Orc:2    | Found a roughly hewn altar of Beogh.
 17838 | Orc:2    | Gained mutation: You are mostly covered in thin metallic
                  | scales. (AC +3) [demonic ancestry]
 17838 | Orc:2    | Reached XP level 14. HP: 59/106 MP: 15/18
 17854 | Orc:2    | Corrupted Orc:2
 17882 | Orc:2    | Noticed a tentacled starspawn
 18177 | Orc:2    | Found Sujef's General Store.
 18178 | Orc:2    | Found Ogameog's Food Shoppe.
 18178 | Orc:2    | Found Gyntol's Weapon Emporium.
 18179 | Orc:2    | Found Waif's Antique Weapon Shoppe.
 18185 | Orc:2    | Bought a glowing war axe for 149 gold pieces
 18185 | Orc:2    | Bought an ebony morningstar for 207 gold pieces
 18186 | Orc:2    | Identified the +3 morningstar of a Billion Beds {crush, rN+
                  | Dex+3} (You bought it in a shop on level 2 of the Orcish
                  | Mines)
 18191 | Orc:2    | Bought the +4 flail "Qaeschoith" {crush, rC+ Int-5 Stlth+}
                  | for 504 gold pieces
 18192 | Orc:2    | Bought a wand of disintegration (9) for 182 gold pieces
 18279 | Elf:1    | Entered Level 1 of the Elven Halls
 18296 | Elf:1    | Found Goguc's Assorted Antiques.
 18555 | Elf:1    | Noticed a deep elf elementalist
 18557 | Elf:1    | Noticed Frances
 18576 | Elf:1    | Corrupted Elf:1
 18577 | Elf:1    | Noticed a revenant
 18586 | Elf:1    | Killed a deep elf elementalist
 18606 | Elf:1    | Killed Frances
 19304 | Elf:1    | Found a runed translucent gate.
 19309 | Elf:1    | Identified the +2 plate armour "Giojumim" {rCorr Str+9
                  | Int-5}
 19389 | Elf:1    | Noticed Aizul
 19396 | Elf:1    | Killed Aizul
 19432 | Elf:1    | Identified a +5 eveningstar of distortion (a +3 eveningstar
                  | of venom corrupted by Lugonu)
 19432 | Elf:1    | Received a gift from Lugonu
 19633 | Elf:1    | Noticed a storm dragon
 19640 | Elf:1    | Killed a storm dragon
 19782 | Elf:1    | Found a runed translucent gate.
 19782 | Elf:1    | Found a runed translucent gate.
 19782 | Elf:1    | Found a runed translucent gate.
 19782 | Elf:1    | Found a runed translucent gate.
 19782 | Elf:1    | Found a runed translucent gate.
 19783 | Elf:1    | Noticed a shadow dragon
 19885 | Elf:1    | Banished a shadow dragon
 20120 | Abyss:1  | Noticed an angel
 20125 | Abyss:1  | Noticed a tentacled starspawn
 20127 | Abyss:1  | Noticed a lich
 20143 | Abyss:1  | Killed a lich
 20151 | Abyss:1  | Noticed a starcursed mass
 20397 | Abyss:1  | Noticed a starcursed mass
 20459 | Abyss:1  | Noticed a deep elf elementalist
 20465 | Abyss:1  | Killed a deep elf elementalist
 20525 | Elf:2    | Escaped the Abyss
 20989 | Elf:2    | Found a runed translucent gate.
 20989 | Elf:2    | Found a runed translucent gate.
 20990 | Elf:2    | Found a runed translucent gate.
 21040 | Elf:2    | Noticed a deep elf sorcerer
 21046 | Elf:2    | Killed a deep elf sorcerer
 21617 | Elf:2    | Noticed a deep elf blademaster
 21623 | Elf:2    | Killed a deep elf blademaster
 21624 | Elf:2    | Noticed Donald
 21630 | Elf:2    | Gained mutation: You have a pair of horns on your head.
                  | [demonic ancestry]
 21630 | Elf:2    | Reached XP level 15. HP: 81/113 MP: 14/21
 21647 | Elf:2    | Killed Donald
 21936 | Elf:2    | Reached skill level 5 in Invocations
 21973 | Elf:2    | Corrupted Elf:2
 22647 | Elf:3    | Entered Level 3 of the Elven Halls
 23849 | Elf:3    | Noticed a deep elf sorcerer
 23850 | Elf:3    | Noticed a deep elf sorcerer
 23853 | Elf:3    | Noticed a deep elf master archer
 23853 | Elf:3    | Noticed a deep elf sorcerer
 23854 | Elf:3    | Noticed a deep elf master archer
 23854 | Elf:3    | Noticed a deep elf sorcerer
 23854 | Elf:3    | Noticed a deep elf sorcerer
 23855 | Elf:3    | Noticed a deep elf blademaster
 23855 | Elf:3    | Noticed a deep elf sorcerer
 23856 | Elf:3    | Corrupted Elf:3
 23858 | Elf:3    | Noticed a deep elf sorcerer
 23860 | Elf:3    | HP: 4/114 [+2 trident of venom (5)]
 23861 | Elf:3    | Killed a deep elf sorcerer
 23863 | Elf:3    | HP: 1/114 [poisoned by a +2 trident of venom]
 23864 | Elf:3    | Succumbed to a +2 trident of venom's poison

Skill      XL: |  1  2  3  4  5  6  7  8  9 10 11 12 13 14 15 |
---------------+----------------------------------------------+-----
Axes           | 2 3 4 5 |  5.9
Dodging        | 1 2 3 4 |  4.1
Armour         | 2 3 4 5 6 8 9 10 11 12 | 12.5
Fighting       | 4 5 6 7 8 9 |  9.4
Stealth        | 1 3 |  3.7
Shields        | 1 2 4 5 7 8 9 11 12 | 12.3
Maces & Flails | 1 5 7 9 10 11 12 | 12.4
Invocations    | 3 4 5 |  5.7
Evocations     | 4 6 8 |  8.5

Action                   |  1- 3 |  4- 6 |  7- 9 | 10-12 | 13-15 || total
-------------------------+-------+-------+-------+-------+-------++-------
Melee: Hand axe          |    86 |   188 |   170 |       |       ||   444
       Flail             |       |       |   302 |   640 |   423 ||  1365
       Kick              |       |       |   100 |   280 |   292 ||   672
       Headbutt          |       |       |       |   136 |   186 ||   322
       Eveningstar       |       |       |       |       |   262 ||   262
Invok: Depart the Abyss  |     1 |       |       |       |     1 ||     2
       Bend Space        |       |     1 |     1 |     1 |     7 ||    10
       Banish            |       |       |     1 |       |     1 ||     2
       Corrupt           |       |       |       |     1 |     4 ||     5
       Enter the Abyss   |       |       |       |       |     1 ||     1
       Brand Weapon With |       |       |       |       |     1 ||     1
Evoke: Wand              |       |       |       |     8 |     7 ||    15
       Phantom mirror    |       |       |       |       |     1 ||     1
  Use: Scroll            |     2 |     3 |    13 |     7 |    19 ||    44
       Potion            |       |     2 |    11 |    12 |    13 ||    38
 Stab: Paralysed         |       |     2 |       |     2 |     3 ||     7
       Distracted        |       |       |     1 |     6 |     6 ||    13
  Eat: Chunk             |     1 |    11 |     5 |    22 |     2 ||    41
       Ration            |       |       |     3 |     1 |    11 ||    15
Armor: Leather armour    |    21 |    12 |       |       |       ||    33
       Ring mail         |       |    72 |   105 |       |       ||   177
       Plate armour      |       |       |   118 |   287 |   240 ||   645
       Skin              |       |       |       |    14 |       ||    14
Dodge: Dodged            |    60 |    84 |    84 |   115 |   104 ||   447
Block: Large shield      |       |    42 |   343 |   629 |   633 ||  1647
